AoeStats
← :)

Arena

510008893Analyzed
4v4 RM · 4d ago on Sep 29, 2026· 52m 22s· 8 players
Game mode
Random Map
Map size
Large (8 player)
Population
200
Speed
Normal
Resources
Standard
Victory
Conquest
Starting age
Dark Age
Ending age
Imperial Age
RankedLock teamsTeams togetherTeam positionsShared explorationLock speedFull tech treeHidden civsTurbo modeCheats
Victory
Defeat
🇹🇷 Maya · Türkiye
1370
+15
🇮🇩 Danes · Indonesia
1359
+16
🇨🇱 Vikings · Chile
1356
+16
🇦🇷 Khmer · Argentina
1322
+17
🇧🇷 Cumans · Brazil
1392
-17
🇧🇷 Japanese · Brazil
1389
-17
🇧🇷 Wu · Brazil
1324
-15
🇧🇷 Aztecs · Brazil
1320
-15
:)
11:50 Feudal Age
14:31 Castle Age
14:27 Bloodlines
14:51 Scale Barding Armor
14:57 Forging
16:27 Husbandry
16:46 Gold Mining
29:15 Wheelbarrow
32:58 Loom
36:21 Imperial Age
34:36 Hand Cart
34:07 Town Watch
34:51 Double-Bit Axe
34:46 Horse Collar
36:27 Chain Barding Armor
36:42 Iron Casting
36:36 Elite Battle Elephant
39:22 Light Cavalry
41:20 Blast Furnace
40:13 Hussar
42:09 Plate Barding Armor
Siny
0:27 Loom
9:46 Feudal Age
14:21 Castle Age
13:25 Fletching
14:41 Padded Archer Armor
14:50 Crossbowman
17:13 Bodkin Arrow
21:35 Double-Bit Axe
27:19 Ballistics
27:29 Leather Archer Armor
28:39 Wheelbarrow
27:49 Town Watch
31:29 Town Patrol
31:42 Bow Saw
32:14 Horse Collar
32:26 Gold Mining
34:47 Heavy Plow
36:51 Thumb Ring
37:25 Hand Cart
40:15 Imperial Age
38:51 Elite Skirmisher
40:43 Arbalester
41:24 Bracer
41:55 Ring Archer Armor
42:28 Chemistry
40:51 Capped Ram
43:13 Two-Man Saw
42:45 Crop Rotation
42:29 Fortified Wall
42:47 Stone Mining
44:10 Siege Ram
52:09 Conscription
51:57 Hul'che Javelineers
51:54 Eagle Warrior
52:34 Squires
[CL] EnRolen
9:23 Feudal Age
8:31 Loom
10:21 Double-Bit Axe
10:16 Horse Collar
16:40 Castle Age
16:27 Forging
16:17 Scale Mail Armor
16:38 Man-at-Arms
17:29 Arson
17:31 Long Swordsman
34:05 Gold Mining
37:53 Squires
38:23 Town Watch
41:14 Imperial Age
38:31 Town Watch
38:25 Elite Skirmisher
40:14 Ballistics
39:45 Fletching
39:56 Padded Archer Armor
41:35 Bodkin Arrow
41:55 Leather Archer Armor
41:43 Two-Handed Swordsman
42:57 Champion
46:08 Chemistry
45:44 Bracer
46:15 Ring Archer Armor
46:31 Heavy Plow
48:52 Crop Rotation
48:35 Bow Saw
51:40 Iron Casting
51:20 Chain Mail Armor
50:44 Elite Berserk
51:45 Conscription
51:35 Chieftains
酒醉上義姬
10:14 Feudal Age
14:00 Castle Age
12:10 Double-Bit Axe
14:10 Loom
16:49 Stone Mining
23:55 Wheelbarrow
25:18 Bow Saw
25:20 Horse Collar
26:12 Heavy Plow
30:23 Gold Mining
32:55 Forging
32:46 Scale Mail Armor
33:59 Squires
33:45 Arson
34:03 Squires
36:24 Iron Casting
40:15 Imperial Age
38:51 Gold Shaft Mining
38:38 Hand Cart
38:01 Hamask
39:32 Chain Mail Armor
40:25 Elite Jomsviking
41:28 Conscription
41:53 Plate Mail Armor
42:24 Blast Furnace
44:12 Northmen's Fury
47:21 Gambesons
47:30 Fletching
47:06 Onager
49:12 Siege Engineers
50:11 Chemistry
50:50 Stone Shaft Mining
50:00 Siege Onager
51:25 Capped Ram
[RZ] Matheus
8:38 Loom
10:54 Feudal Age
14:57 Castle Age
12:51 Double-Bit Axe
13:24 Gold Mining
13:31 Horse Collar
15:28 Wheelbarrow
15:05 Eagle Warrior
17:40 Scale Mail Armor
17:52 Forging
20:11 Stone Mining
22:15 Stone Shaft Mining
22:40 Loom
23:31 Wheelbarrow
24:00 Redemption
24:41 Chain Mail Armor
25:01 Iron Casting
26:51 Fervor
27:02 Sanctity
35:40 Hand Cart
38:25 Herbal Medicine
47:00 Imperial Age
44:34 Atonement
44:35 Devotion
45:20 Elite Skirmisher
46:03 Atlatl
47:39 Fletching
47:49 Padded Archer Armor
49:11 Bodkin Arrow
49:32 Leather Archer Armor
[Rz] TK_puxa
9:01 Feudal Age
9:03 Man-at-Arms
10:15 Arson
13:28 Loom
14:55 Forging
15:53 Horse Collar
17:45 Double-Bit Axe
21:46 Castle Age
19:42 Stone Mining
19:51 Gold Mining
21:22 Fletching
23:26 Bow Saw
24:29 Wheelbarrow
26:18 Gold Shaft Mining
26:15 Pikeman
28:50 Treadmill Crane
30:14 Crossbowman
31:00 Thumb Ring
30:51 Bodkin Arrow
30:57 Padded Archer Armor
31:18 Ballistics
36:09 Imperial Age
34:40 Leather Archer Armor
36:31 Heavy Plow
36:10 Arbalester
37:52 Chemistry
37:31 Conscription
36:55 Elite Skirmisher
38:01 Bracer
38:31 Ring Archer Armor
38:27 Masonry
40:03 Hand Cart
42:43 Scale Mail Armor
42:48 Scale Barding Armor
43:34 Hoardings
42:25 Light Cavalry
43:06 Husbandry
43:49 Bloodlines
44:16 Iron Casting
43:52 Guard Tower
43:47 Arrowslits
45:21 Keep
44:50 Yasama
45:53 Murder Holes
47:38 Chain Barding Armor
48:18 Blast Furnace
50:21 Fortified Wall
[RZ] James Rocha
10:46 Feudal Age
9:04 Loom
14:23 Castle Age
12:21 Double-Bit Axe
13:18 Horse Collar
21:44 Stone Mining
25:28 Bow Saw
26:52 Forging
27:45 Scale Mail Armor
29:40 Chain Mail Armor
30:01 Iron Casting
29:17 Arson
29:33 Squires
35:31 Imperial Age
34:05 Fletching
34:59 Bodkin Arrow
37:33 Red Cliffs Tactics
37:54 Conscription
38:14 Ballistics
39:12 Bracer
42:55 Chemistry
41:29 Elite Fire Archer
43:14 Padded Archer Armor
43:03 Pikeman
47:02 Leather Archer Armor
47:48 Blast Furnace
47:18 Plate Mail Armor
48:02 Halberdier
50:40 Elite Skirmisher
[RZ] Icaro
8:26 Feudal Age
9:04 Double-Bit Axe
10:14 Loom
18:24 Horse Collar
23:21 Castle Age
22:23 Forging
22:21 Scale Barding Armor
22:51 Bloodlines
24:44 Iron Casting
24:30 Chain Barding Armor
43:53 Heavy Plow
46:51 Light Cavalry
52:17 Bow Saw
Connection lost

Rejoining the realm…

Still unreachable

The connection could not be restored.

Session expired

The server has moved on; the page needs a fresh start.